Workbook
Name Result: '[1]11. Equipamentos'!#REF!,'[1]11. Equipamentos'!#REF!
Name Result: '[2]11. Equipamentos'!#REF!,'[2]11. Equipamentos'!#REF!
Name Result: '[1]11. Equipamentos'!#REF!,'[1]11. Equipamentos'!#REF!
Name UN: !#REF!
Name UN: !#REF!
Name UN: !#REF!

Sheet BASE PADRÃO
D2: PLANILHA DE CUSTOS E FORMAÇÃO DE PREÇOS
D4: Nº Processo: | E4: 202400005005765
D5: Licitação: | E5: 07/2024
D6: Descrição do Serviço | E6: SERVIÇOS GERAIS (VÁRIOS)
B8: DISCRIMINAÇÃO DOS SERVIÇOS (DADOS REFERENTES À CONTRATAÇÃO)
B9: A | C9: Data da apresentação da proposta:
B10: B | C10: Município/UF | G10: Goiânia
B11: C | C11: Ano - Acordo, Convenção ou Sentença Normativa em dissídio Coletivo
B12: D | C12: Número de meses de execução contratual | G12: 60
B14: IDENTIFICAÇÃO DO SERVIÇO
B15: Tipo de Serviço | E15: Unidade de Medida | G15: Quantidade total a contratar
B16: Copeira | E16: Posto de 44 Hs semanais
B18: MÃO-DE-OBRA
B19: Dados Complementares para Composição dos Custos Referentes à Mão-de-obra
B20: 1 | C20: Tipo de Serviço (mesmo serviço com características distintas)
B21: 2 | C21: Classificação Brasileira de Ocupações (CBO)
B22: 3 | C22: Salário Normativo da Categoria Profissional - Piso salarial | G22: =#REF! -> #REF!
B23: 4 | C23: Categoria Profissional (vinculada à execução contratual)
B24: 5 | C24: Data base da categoria (dia/mês/ano)
B26: MÓDULO 1 - COMPOSIÇÃO DA REMUNERAÇÃO
B27: item | C27: descrição | G27: % | H27: Valor (R$)
B28: A | C28: Salário Base | H28: =G22 -> #REF!
B29: B | C29: Adicional de Periculosidade | G29: 0 | H29: =G29*H28 -> #REF!
B30: C | C30: Adicional de Insalubridade | G30: 0 | H30: =G30*H28 -> #REF!
B31: D | C31: Adicional Noturno | G31: 0 | H31: =G31*H28 -> #REF!
B32: E | C32: Adicional de Hora Noturna Reduzida | G32: 0 | H32: =G32*H28 -> #REF!
B33: F | C33: Outros (especificar) | G33: 0 | H33: =G33*H28 -> #REF!
B34: TOTAL MÓDULO 1 | H34: =SUM(H28:H33) -> #REF!
B36: MÓDULO 2 - ENCARGOS E BENEFÍCIOS ANUAIS, MENSAIS E DIÁRIOS
B37: Submódulo 2.1 - 13º Salário, Férias e Adicional de Férias
B38: item | C38: descrição | G38: % | H38: VALOR (R$)
B39: A | C39: 13º Salário | G39: 0.08333 | H39: =G39*H34 -> #REF!
B40: B | C40: Adicional de Férias (seguno Anexo XII da IN 5 e no caderno para contas vinculadas) | G40: 0.0303 | H40: =G40*H34 -> #REF!
B41: C | C41: Férias | G41: 0.09091 | H41: =G41*H34 -> #REF!
B42: Total 2.1 | G42: =SUM(G39:G41) -> 0.20454 | H42: =SUM(H39:H41) -> #REF!
B44: Submódulo 2.2 - Encargos Previdenciários, FGTS e Outras Contribuições | G44: BASE DE CALCULO | H44: =H34+H42 -> #REF!
B45: item | C45: descrição | G45: % | H45: VALOR (R$)
B46: A | C46: INSS | G46: 0.2 | H46: =G46*$H$44 -> #REF!
B47: B | C47: Salário Educação | G47: 0.025 | H47: =G47*$H$44 -> #REF!
B48: C | C48: Risco Ambiental de Trabalho (SAT x FAP) | G48: 0.03 | H48: =G48*$H$44 -> #REF!
B49: D | C49: SESI ou SESC | G49: 0.015 | H49: =G49*$H$44 -> #REF!
B50: E | C50: SENAI ou SENAC | G50: 0.01 | H50: =G50*$H$44 -> #REF!
B51: F | C51: SEBRAE | G51: 0.006 | H51: =G51*$H$44 -> #REF!
B52: G | C52: INCRA | G52: 0.002 | H52: =G52*$H$44 -> #REF!
B53: H | C53: FGTS | G53: 0.08 | H53: =G53*$H$44 -> #REF!
B54: Total 2.2 | G54: =SUM(G46:G53) -> 0.368 | H54: =SUM(H46:H53) -> #REF!
B56: Submódulo 2.3 - Benefícios Mensais e Diários
B57: item | C57: descrição | H57: VALOR(R$)
B58: A | C58: Transporte | G58: =#REF! -> #REF! | H58: =(G58*2*22)-($H$34)*6% -> #REF!
B59: B | C59: Auxílio-Refeição/Alimentação | G59: =#REF! -> #REF! | H59: =(G59*22)-((G59*22)*11%) -> #REF!
B60: C | C60: Plano de Saúde | H60: =#REF! -> #REF!
B61: D | C61: Plano Odontológico | H61: =#REF! -> #REF!
B62: E | C62: Outros - CCT - Seguro de Vida | H62: =#REF! -> #REF!
B63: F | C63: Outros - CCT - Do Apoio, Auxílio e Serviços aos Trabalhadores | H63: =#REF! -> #REF!
B64: G | C64: Outros (1) | H64: =#REF! -> #REF!
B65: H | C65: Outros (2) | H65: =#REF! -> #REF!
B66: I | C66: Outros (3) | H66: =#REF! -> #REF!
B67: Total | H67: =SUM(H58:H66) -> #REF!
B69: Quadro-Resumo do Módulo 2 – Encargos e Benefícios Anuais, Mensais e Diários
B70: 2 | C70: Encargos e Benefícios Anuais, Mensais e Diários | H70: VALOR (R$)
B71: 2.1 | C71: 13º (décimo terceiro) Salário, Férias e Adicional de Férias | H71: =H42 -> #REF!
B72: 2.2 | C72: GPS, FGTS e outras contribuições | H72: =H54 -> #REF!
B73: 2.3 | C73: Benefícios Mensais e Diários | H73: =H67 -> #REF!
B74: Total | H74: =SUM(H71:H73) -> #REF!
B76: MÓDULO 3 - PROVISÃO PARA RESCISÃO
B77: item | C77: descrição | G77: % | H77: VALOR (R$)
B78: A | C78: Aviso Prévio Indenizado | G78: =5%/12 -> 0.0041666667 | H78: =G78*$H$34 -> #REF!
B79: B | C79: Incidência do FGTS sobre API | G79: =G78*G53 -> 0.00033333333 | H79: =G79*$H$34 -> #REF!
B80: C | C80: Aviso Prévio Trabalhado | G80: =7/30/12 -> 0.019444444 | H80: =G80*$H$34 -> #REF!
B81: D | C81: Incidência de GPS, FGTS e outras contribuições sobre o APT | G81: =G80*G54 -> 0.0071555556 | H81: =G81*$H$34 -> #REF!
B82: E | C82: Multa do FGTS sobre o API e APT | G82: 0.04 | H82: =G82*$H$34 -> #REF!
B83: Total | G83: =SUM(G78:G82) -> 0.0711 | H83: =SUM(H78:H82) -> #REF!
B85: MÓDULO 4 - CUSTO DE REPOSIÇÃO DO PROFISSIONAL AUSENTE
B86: Submódulo 4.1 - Substitutos nas Ausências Legais
B87: item | C87: descrição | G87: % | H87: VALOR (R$)
B88: A | C88: Substituto na cobertura de Férias | G88: 0.0833 | H88: =G88*$H$34 -> #REF!
B89: B | C89: Substituto na cobertura de Ausências Legais | G89: 0.0028 | H89: =G89*$H$34 -> #REF!
B90: C | C90: Substituto na cobertura de Licença Paternidade | G90: 0.0004 | H90: =G90*$H$34 -> #REF!
B91: D | C91: Substituto na cobertura de Ausência por Acidente de Trabalho | G91: 0.0033 | H91: =G91*$H$34 -> #REF!
B92: E | C92: Substituto na cobertura de Afastamento Maternidade | G92: 0.0006 | H92: =G92*$H$34 -> #REF!
B93: F | C93: Outros | G93: 0 | H93: =G93*$H$34 -> #REF!
B94: G | C94: Incidência do Submódulo 2.2 sobre férias | G94: 0 | H94: =G94*$H$34 -> #REF!
B95: Total | G95: =SUM(G88:G94) -> 0.0904 | H95: =SUM(H88:H94) -> #REF!
B97: Submódulo 4.2 - Substituto na Intrajornada
B98: item | C98: descrição | G98: % | H98: VALOR (R$)
B99: A | C99: Substituto na cobertura de Intervalo para repouso ou alimentação | H99: 0
B100: Total | H100: =H99 -> 0
B102: Quadro-Resumo do Módulo 4 – Custo de Reposição do Profissional Ausente
B103: 4 | C103: Custo de Reposição do Profissional Ausente | H103: VALOR (R$)
B104: 4.1 | C104: Substituto nas Ausências Legais | H104: =H95 -> #REF!
B105: 4.2 | C105: Substituto na Intrajornada | H105: =H100 -> 0
B106: Total | H106: =H104+H105 -> #REF!
B108: MÓDULO 5 - INSUMOS DIVERSOS
B109: item | C109: descrição | H109: VALOR (R$)
B110: A | C110: Uniforme | H110: 0
B111: B | C111: Materiais de Consumo | H111: 0
B112: C | C112: Utensílios e Equipamentos | H112: 0
B113: D | C113: Ponto eletrônico | H113: 0
B114: Total | H114: =SUM(H110:H113) -> 0
B116: MÓDULO 6 - CUSTOS INDIRETOS, TRIBUTOS E LUCRO
...

Sheet Resumo
E3: PLANILHA DE CUSTOS E FORMAÇÃO DE PREÇOS
E5: Nº Processo: | F5: 202600005000736
E6: Licitação: | F6: 118323
E7: Descrição do Serviço | F7: Prestação de Serviços de Motoristas
C9: PLANILHA COM VALOR MENSAL E ANUAL
C11: Postos de Trabalho
C12: Item | D12: Descrição | F12: Prazo de Vigência | G12: Valor do Posto | H12: Quantidade de Postos | I12: Custo Mensal | J12: Custo Anual
C13: 1 | D13: Motorista Executivo | F13: 12 | G13: ='1. Motoristas'!I137 -> 8002.05 | H13: 40 | I13: =G13*H13 -> 320082 | J13: =I13*12 -> 3840984
C14: TOTAL | J14: =SUM(J13:J13) -> 3840984
C16: Reembolso de Diárias e Horas Extras
C17: Item | D17: Descrição | G17: Quantitativo | H17: Prazo de Vigência | I17: Valor Unitário | J17: Custo Anual
C18: 1 | D18: Reembolso de diárias até 100km | G18: ='3. Reembolsos'!E5 -> 1227 | H18: 12 | I18: ='3. Reembolsos'!F5 -> 103 | J18: ='3. Reembolsos'!G5 -> 126381
C19: 2 | D19: Reembolso de diárias acima de 100 km | G19: ='3. Reembolsos'!E6 -> 1971 | H19: 12 | I19: ='3. Reembolsos'!F6 -> 309 | J19: ='3. Reembolsos'!G6 -> 609039
C20: 3 | D20: Reembolso de horas extras | G20: ='3. Reembolsos'!C13 -> 20640 | H20: 12 | I20: 28.63 | J20: ='3. Reembolsos'!G13 -> 590923.2
C21: 4 | D21: Reembolso de adicional noturno | G21: ='3. Reembolsos'!C19 -> 19200 | H21: 12 | I21: 3.82 | J21: ='3. Reembolsos'!G19 -> 73344
C22: TOTAL | J22: =SUM(J18:J21) -> 1399687.2
C25: Valor Total Estimado Anual - Serviços Contínuos | J25: =J14+J22 -> 5240671.2

Sheet 1. Motoristas
E3: PLANILHA DE CUSTOS E FORMAÇÃO DE PREÇOS
E5: Nº Processo: | F5: =Resumo!F5 -> 202600005000736
E6: Licitação: | F6: =Resumo!F6 -> 118323
E7: Descrição do Serviço | F7: =Resumo!F7 -> Prestação de Serviços de Motoristas
C9: DISCRIMINAÇÃO DOS SERVIÇOS (DADOS REFERENTES À CONTRATAÇÃO)
C10: A | D10: Data da apresentação da proposta:
C11: B | D11: Município/UF | H11: Goiânia
C12: C | D12: Ano - Acordo, Convenção ou Sentença Normativa em dissídio Coletivo | H12: 2026/2027
C13: D | D13: Número de meses de execução contratual | H13: =Resumo!F13 -> 12
C15: IDENTIFICAÇÃO DO SERVIÇO
C16: Tipo de Serviço | F16: Unidade de Medida | H16: Quantidade total a contratar
C17: =Resumo!F7 -> Prestação de Serviços de Motoristas | F17: Posto de 40 Hs semanais | H17: =Resumo!H13 -> 40
C19: MÃO-DE-OBRA
C20: Dados Complementares para Composição dos Custos Referentes à Mão-de-obra
C21: 1 | D21: Tipo de Serviço (mesmo serviço com características distintas) | H21: =Resumo!C11 -> Postos de Trabalho
C22: 2 | D22: Classificação Brasileira de Ocupações (CBO) | H22: 7823-05
C23: 3 | D23: Salário Normativo da Categoria Profissional - Piso salarial | H23: 2811.28
C24: 4 | D24: Categoria Profissional (vinculada à execução contratual)
C25: 5 | D25: Data base da categoria (dia/mês/ano) | H25: 01/06/2026 a 31/05/2027
C27: MÓDULO 1 - COMPOSIÇÃO DA REMUNERAÇÃO
C28: Item | D28: Descrição | H28: % | I28: Valor (R$)
C29: A | D29: Salário Base | I29: =H23 -> 2811.28
C30: B | D30: Adicional de Periculosidade | H30: 0 | I30: =H30*I29 -> 0
C31: C | D31: Adicional de Insalubridade | H31: 0 | I31: =H31*I29 -> 0
C32: D | D32: Adicional Noturno | H32: 0 | I32: =H32*I29 -> 0
C33: E | D33: Adicional de Hora Noturna Reduzida | H33: 0 | I33: =H33*I29 -> 0
C34: F | D34: Diárias | H34: 0 | I34: =H34*I29 -> 0
C35: TOTAL MÓDULO 1 | I35: =SUM(I29:I34) -> 2811.28
C37: MÓDULO 2 - ENCARGOS E BENEFÍCIOS ANUAIS, MENSAIS E DIÁRIOS
C38: Submódulo 2.1 - 13º Salário, Férias e Adicional de Férias
C39: Item | D39: Descrição | H39: % | I39: VALOR (R$)
C40: A | D40: 13º Salário | H40: 0.08333 | I40: =H40*I35 -> 234.26396
C41: B | D41: Adicional de Férias/ 1/3 Constitucional de Férias(segundo Anexo XII da IN 5 e no caderno para contas vinculadas) | H41: 0.027778 | I41: =H41*I35 -> 78.091736
C42: C | D42: Férias | H42: 0.09091 | I42: =H42*I35 -> 255.57346
C43: Total 2.1 | H43: =SUM(H40:H42) -> 0.202018 | I43: =SUM(I40:I42) -> 567.92916
C45: Submódulo 2.2 - Encargos Previdenciários, FGTS e Outras Contribuições | H45: BASE DE CALCULO | I45: =I35+I43 -> 3379.2092
C46: Item | D46: Descrição | H46: % | I46: VALOR (R$)
C47: A | D47: INSS | H47: 0.2 | I47: =H47*$I$45 -> 675.84183
C48: B | D48: Salário Educação | H48: 0.025 | I48: =H48*$I$45 -> 84.480229
C49: C | D49: Risco Ambiental de Trabalho (RAT x FAP) | H49: 0.02 | I49: =H49*$I$45 -> 67.584183
C50: D | D50: SESI ou SESC | H50: 0.015 | I50: =H50*$I$45 -> 50.688137
C51: E | D51: SENAI ou SENAC | H51: 0.01 | I51: =H51*$I$45 -> 33.792092
C52: F | D52: SEBRAE | H52: 0.006 | I52: =H52*$I$45 -> 20.275255
C53: G | D53: INCRA | H53: 0.002 | I53: =H53*$I$45 -> 6.7584183
C54: H | D54: FGTS | H54: 0.08 | I54: =H54*$I$45 -> 270.33673
C55: Total 2.2 | H55: =SUM(H47:H54) -> 0.358 | I55: =SUM(I47:I54) -> 1209.7569
C57: Submódulo 2.3 - Benefícios Mensais e Diários
C58: Item | D58: Descrição | I58: VALOR(R$)
C59: A | D59: Transporte | H59: 4.3 | I59: =(4.3*44) - (I35 * 0.06) -> 20.5232
C60: B | D60: Auxílio-Refeição/Alimentação | H60: 52.27 | I60: =(H60*22)-((H60*22)*5%) -> 1092.443
C61: C | D61: Plano de Saúde | I61: 0
C62: D | D62: Plano Odontológico | I62: 0
C63: E | D63: Outros - CCT - Seguro de Vida | I63: 0
C64: F | D64: Outros - CCT - Do Apoio, Auxílio e Serviços aos Trabalhadores | I64: 2.54
C65: G | D65: Outros (1)
C66: H | D66: Outros (2)
C67: I | D67: Outros (3)
C68: Total | I68: =SUM(I59:I67) -> 1115.5062
C70: Quadro-Resumo do Módulo 2 – Encargos e Benefícios Anuais, Mensais e Diários
C71: 2 | D71: Encargos e Benefícios Anuais, Mensais e Diários | I71: VALOR (R$)
C72: 2.1 | D72: 13º (décimo terceiro) Salário, Férias e Adicional de Férias | I72: =I43 -> 567.92916
C73: 2.2 | D73: GPS, FGTS e outras contribuições | I73: =I55 -> 1209.7569
C74: 2.3 | D74: Benefícios Mensais e Diários | I74: =I68 -> 1115.5062
C75: Total | I75: =SUM(I72:I74) -> 2893.1922
C77: MÓDULO 3 - PROVISÃO PARA RESCISÃO
C78: Item | D78: Descrição | H78: % | I78: VALOR (R$)
C79: A | D79: Aviso Prévio Indenizado | H79: =5%/12 -> 0.0041666667 | I79: =H79*$I$35 -> 11.713667
C80: B | D80: Incidência do FGTS sobre API | H80: =H79*H54 -> 0.00033333333 | I80: =H80*$I$35 -> 0.93709333
C81: C | D81: Aviso Prévio Trabalhado (Primeiro ano) | H81: 0.0194 | I81: =H81*$I$35 -> 54.538832
C82: D | D82: Incidência de GPS, FGTS e outras contribuições sobre o APT | H82: =H81*H55 -> 0.0069452 | I82: =H82*$I$35 -> 19.524902
C83: E | D83: Multa do FGTS sobre o API e APT | H83: 0.04 | I83: =H83*$I$35 -> 112.4512
C84: Total | H84: =SUM(H79:H83) -> 0.0708452 | I84: =SUM(I79:I83) -> 199.16569
C86: MÓDULO 4 - CUSTO DE REPOSIÇÃO DO PROFISSIONAL AUSENTE
C87: Submódulo 4.1 - Substitutos nas Ausências Legais
C88: Item | D88: Descrição | H88: % | I88: VALOR (R$)
C89: A | D89: Substituto na cobertura de Férias | H89: 0.0095 | I89: =H89*$I$35 -> 26.70716
C90: B | D90: Substituto na cobertura de Ausências Legais | H90: 0.0028 | I90: =H90*$I$35 -> 7.871584
C91: C | D91: Substituto na cobertura de Licença Paternidade | H91: 0.0004 | I91: =H91*$I$35 -> 1.124512
C92: D | D92: Substituto na cobertura de Ausência por Acidente de Trabalho | H92: 0.0033 | I92: =H92*$I$35 -> 9.277224
C93: E | D93: Substituto na cobertura de Afastamento Maternidade | H93: 0.0001 | I93: =H93*$I$35 -> 0.281128
C94: F | D94: Outros | H94: 0 | I94: =H94*$I$35 -> 0
C95: G | D95: Incidência do Submódulo 2.2 sobre férias | H95: =H55 -> 0.358 | I95: =H95*I89 -> 9.5611633
C96: Total | H96: =SUM(H89:H94) -> 0.0161 | I96: =SUM(I89:I95) -> 54.822771
C98: Submódulo 4.2 - Substituto na Intrajornada
C99: Item | D99: Descrição | H99: % | I99: VALOR (R$)
C100: A | D100: Substituto na cobertura de Intervalo para repouso ou alimentação | I100: 0
C101: Total | I101: =I100 -> 0
C103: Quadro-Resumo do Módulo 4 – Custo de Reposição do Profissional Ausente
C104: 4 | E104: Custo de Reposição do Profissional Ausente | I104: VALOR (R$)
C105: 4.1 | E105: Substituto nas Ausências Legais | I105: =I96 -> 54.822771
C106: 4.2 | E106: Substituto na Intrajornada | I106: =I101 -> 0
C107: Total | I107: =I105+I106 -> 54.822771
C109: MÓDULO 5 - INSUMOS DIVERSOS
C110: Item | D110: Descrição | I110: VALOR (R$)
C111: A | D111: Uniforme | I111: ='2. Uniformes'!M5 -> 8.2833333
C112: B | D112: Materiais de Consumo | I112: 0
C113: C | D113: Utensílios e Equipamentos | I113: 0
C114: D | D114: Ponto eletrônico | I114: 0
C115: Total | I115: =SUM(I111:I114) -> 8.2833333
C117: MÓDULO 6 - CUSTOS INDIRETOS, TRIBUTOS E LUCRO
...

Sheet 2. Uniformes
B2: CESTA DE PREÇOS - MOTORISTAS
B3: ITEM | C3: ESPECIFICAÇÃO | D3: QUANT. | E3: Inciso I - Nota Fiscal Eletrônica | F3: Inciso II - Comprasnet | G3: Inciso III - Ferramenta de Pesquisa de Preços Públicos | H3: Inciso IV - Mídia Especializada | I3: Inciso V - Contratações Similares | J3: Inciso VI - Pesquisa com Fornecedores | K3: MÉDIA SANEADA | L3: TOTAL | M3: VALOR POR POSTO AO MÊS
B4: 1 | C4: Camisa social de manga curta ou longa, na cor preta, confeccionada em tecido de boa qualidade, resistente ao uso contínuo e ao suor, preferencialmente em mistura de algodão e poliéster, com acabamento compatível com vestuário profissional, contendo o brasão do Estado de Goiás aplicado na parte frontal e a inscrição “SECRETARIA DE ESTADO DA ECONOMIA” impressa ou bordada no bolso, em padrão legível, discreto e padronizado. | D4: 80 | G4: =E10 -> 62.76 | H4: =H14 -> 56.693333 | I4: =H18 -> 29.633333 | K4: =ROUND(AVERAGE(E4:J4),2) -> 49.7 | L4: =D4*K4 -> 3976 | M4: =L4/40/12 -> 8.2833333
B5: TOTAL UNIFORMES | K5: =SUM(K4:K4) -> 49.7 | L5: =SUM(L4:L4) -> 3976 | M5: =SUM(M4:M4) -> 8.2833333
B8: Inciso III - Ferramenta de Pesquisa de Preços Públicos
B9: ITEM | C9: ESPECIFICAÇÃO | D9: QUANT. | E9: Banco de Preços
B10: 1 | C10: Camisa social de manga curta ou longa. | D10: 80 | E10: 62.76
B12: Inciso IV - Mídia Especializada
B13: ITEM | C13: ESPECIFICAÇÃO | D13: QUANT. | E13: Mercado Livre | F13: Magazine Luiza | G13: Amazon | H13: MÉDIA SANEADA
B14: 1 | C14: Camisa social de manga curta ou longa. | D14: 80 | E14: 73.9 | F14: 60.19 | G14: 35.99 | H14: =AVERAGE(E14:G14) -> 56.693333
B16: Inciso V - Contratações Similares
B17: ITEM | C17: ESPECIFICAÇÃO | D17: QUANT. | E17: Centro de Avaliação do Exército/RJ | F17: Prefeitura Mun. De Campo Belo/MG | G17: Universidade Federal do Agreste/PE | H17: MÉDIA SANEADA
B18: 1 | C18: Camisa social de manga curta ou longa. | D18: 80 | E18: 21 | F18: 22 | G18: 45.9 | H18: =AVERAGE(E18:G18) -> 29.633333

Sheet 3. Reembolsos
C3: REEMBOLSO DE DIÁRIAS
C4: Tipo de diária | E4: Quantitativo estimado | F4: Valor unitário (ACT) | G4: Custo Anual Estimado
C5: Até 100 km | E5: 1227 | F5: 103 | G5: =E5*F5 -> 126381
C6: Acima de 100 km | E6: 1971 | F6: 309 | G6: =E6*F6 -> 609039
C7: Totais | E7: =SUM(E5:E6) -> 3198 | F7: — | G7: =ROUND(SUM(G5:G6),2) -> 735420
C11: REEMBOLSO DE HORAS EXTRAS
C12: Quantitativo anual | D12: Valor unitário (ACT) | E12: Total anual | F12: Reflexos dos encargos (submódulo 2.2.) | G12: Custo Anual Estimado
C13: 20640 | D13: 21.08 | E13: =ROUNDUP((D13*C13),2) -> 435091.2 | F13: 0.358 | G13: =C13*(ROUNDUP(D13*(1+F13),2)) -> 590923.2
C17: REEMBOLSO DE ADICIONAL NOTURNO
C18: Quantitativo anual | D18: Valor do adicional | E18: Total anual | F18: Reflexos dos encargos (submódulo 2.2.) | G18: Custo Anual Estimado
C19: 19200 | D19: 2.81 | E19: =D19*C19 -> 53952 | F19: 0.358 | G19: =C19*(ROUNDUP(D19*(1+F19),2)) -> 73344
